 Dungeon Crawl Stone Soup version 0.30.1-3-gfc49f6343a (webtiles) character file.

Game seed: 4769965543211018298

53 javelincjr the Magician (level 3, -2/25 HPs)
             Began as a Demonspawn Hedge Wizard on July 25, 2023.
             Slain by a goblin
             ... wielding a +0 club
              (4 damage)
             ... on level 2 of the Dungeon.
             The game lasted 00:05:46 (1703 turns).

javelincjr the Magician (Demonspawn Hedge Wizard)   Turns: 1703, Time: 00:05:47

Health: -2/25      AC:  2    Str: 10    XL:     3   Next: 62%
Magic:  1/7        EV: 12    Int: 17    God:
Gold:   64         SH:  0    Dex: 12    Spells: 5/8 levels left

rFire   . . .        e - +0 spear
rCold   . . .        (no shield)
rNeg    . . .        b - +0 robe
rPois   .            c - +0 hat
rElec   .            (no cloak)
rCorr   .            (no gloves)
SInv    .            (no boots)
Will    .....        (no amulet)
Stlth   ++           (no ring)
HPRegen 0.24/turn    (no ring)
MPRegen 0.10/turn

%: no passive effects
@: no status effects
A: antennae 1
a: no special abilities


You were on level 2 of the Dungeon.
You visited 1 branch of the dungeon, and saw 2 of its levels.

You collected 64 gold pieces.

Inventory:

Hand Weapons
 a - a +0 dagger
 e - a +0 spear (weapon)
Missiles
 f - a throwing net
Armour
 b - a +0 robe (worn)
 c - a +0 hat (worn)
Potions
 d - a potion of magic
 g - 2 potions of heal wounds {unknown}
 h - 2 potions of attraction {unknown}
 i - a potion of curing {unknown}


   Skills:
 + Level 0.7 Fighting
 + Level 2.1 Dodging
 + Level 2.1 Stealth
 * Level 3.3 Spellcasting
 + Level 1.5 Conjurations
 + Level 1.5 Summonings
 + Level 1.2 Translocations


You had 5 spell levels left.
You knew the following spells:

 Your Spells              Type           Power      Damage    Failure   Level
a - Magic Dart            Conj           32%        1d4       9%          1
b - Call Imp              Summ           16%        N/A       13%         2

Your spell library contained the following spells:

 Spells                   Type           Power      Damage    Failure   Level
 Blink                    Tloc           14%        N/A       16%         2
 Slow                     Hex            8%         N/A       17%         1
 Cigotuvi's Dreadful Rot  Necr/Pois/Air  4%         N/A       26%         2
 Mephitic Cloud           Conj/Pois/Air  4%         N/A       38%         3


Dungeon Overview and Level Annotations

Branches:
Dungeon (2/15)

Altars:


Innate Abilities, Weirdness & Mutations

You have a pair of small antennae on your head.


Message History

Unknown command.
The magic dart hits the adder.
You kill the adder!
You feel sick. The bat hits you but does no damage. The bat closely misses you.
The magic dart hits the bat.
The bat is heavily wounded.
You feel sick. The bat hits you but does no damage.
Casting: Magic Dart (safe; 9% risk of failure)
Confirm with . or Enter, or press ? or * to list all spells.
You don't have enough magic to cast this spell.
You hit the bat.
You kill the bat!
You feel sick.
You closely miss the kobold.
You feel sick.
You are no longer poisoned.
The kobold barely misses you.
You are too injured to fight recklessly!
You are too injured to fight recklessly!
You are too injured to fight recklessly!
You are too injured to fight recklessly!
You are too injured to fight recklessly!
You hit the kobold.
The kobold is moderately wounded.
The kobold hits you with a +0 short sword.
You closely miss the kobold.
The kobold is moderately wounded.
The kobold barely misses you.
The kobold hits you with a +0 short sword.
* * * LOW HITPOINT WARNING * * *
You closely miss the kobold. Your punch misses the kobold.
The kobold is moderately wounded.
The kobold hits you with a +0 short sword.
* * * LOW HITPOINT WARNING * * *
You hit the kobold.
You kill the kobold!
You closely miss the goblin. The goblin barely misses you.
You hit the goblin but do no damage. The goblin hits you with a +0 club.
* * * LOW HITPOINT WARNING * * *
You closely miss the goblin. The goblin hits you with a +0 club.
You die...

..####....####.......#
#........ ..#
#.........##.##.# ##.#####.
.## #...#####.##..#.#
#.#####. ## #...# #.###.#.#
#.##....
#...#####.###.#.#####.##.##.
##......#[......#.....##.##.
######.#####.###...........
##.#####..........#.##.
######.....@.####......#.##.
g.......####g####........##.
#...###g........######.####.
..#.....#K#..##.# #.####. .
##(#b##.##.##.# #...... .g
## ..###.#.# ####### . ##.#
##.# #.#.....# ...######


You could see a goblin.

Vanquished Creatures
  A gnoll (D:1)
  An adder (D:2)
  A worm (D:2)
  2 dart slugs (D:1)
  4 bats
  2 endoplasms (D:1)
  A giant cockroach (D:1)
  2 hobgoblins
  5 kobolds
  A quokka (D:2)
  A ball python (D:2)
  3 frilled lizards (D:1)
  2 goblins (D:1)
26 creatures vanquished.

Vanquished Creatures (collateral kills)
  An endoplasm (D:1)
  A giant cockroach (D:1)
2 creatures vanquished.

Grand Total: 28 creatures vanquished

Notes
Turn   | Place    | Note
-------+----------+-------------------------------------------
     0 | D:1      | javelincjr the Demonspawn Hedge Wizard began the quest for
                  | the Orb.
     0 | D:1      | Reached XP level 1. HP: 13/13 MP: 4/4
   208 | D:1      | Reached skill level 1 in Translocations
   256 | D:1      | Gained mutation: You have a pair of small antennae on your
                  | head. [demonic ancestry]
   256 | D:1      | Reached XP level 2. HP: 13/19 MP: 0/6
   910 | D:1      | Learned a level 2 spell: Call Imp
   958 | D:1      | Reached XP level 3. HP: 24/24 MP: 5/7
  1232 | D:2      | Found a faded altar of an unknown god.
  1703 | D:2      | Slain by a goblin

Illustrated notes

Levels and vault maps discovered:
D:1:      shiori_arrival_maze, layout_loops_corners
D:2:      layout_loops_cross, shapermc_ecumenical_altar_gd, minmay_tall_x

Skill      XL: |  1  2 |
---------------+-------+-----
Translocations | 1 |  1.2
Stealth        | 2 |  2.1
Dodging        | 2 |  2.1
Fighting       | |  0.7
Spellcasting   | |  3.3
Conjurations   | |  1.5
Summonings     | |  1.5

Action                     || total
---------------------------++-------
  Melee: Spear             ||    92
         Punch             ||     1
   Cast: Magic Dart        ||    56
         Call Imp          ||     2
   Stab: Sleeping          ||     4
 Armour: Robe              ||    13
  Dodge: Dodged            ||    40
